[Event "CIS Master Groups 2024"]
[Site "Vasto"]
[Date "2024.04.09"]
[Round "3.13"]
[White "Mastrovasilis, Dimitrios"]
[Black "Zwirs, Nico"]
[Result "1/2-1/2"]
[ECO "B51"]
[WhiteElo "2576"]
[BlackElo "2480"]
[Annotator "TA"]
[PlyCount "44"]
[EventDate "2024.04.07"]
[EventType "team-tourn"]
[EventCountry "ITA"]
[SourceTitle "playchess.com"]
[Source "ChessBase"]
[SourceQuality "1"]
[TimeControl "40/5400+30:900+30"]

1. e4 c5 2. Nf3 d6 3. Bb5+ Nd7 4. c3 Ngf6 5. Qe2 a6 6. Ba4 b5 7. Bc2 Bb7 8. d4 e6 9. O-O Be7 10. Re1 Qc7 11. Bd3 O-O {[%emt 0:03:16] The position is equal.} 12. Nbd2 cxd4 13. cxd4 e5 14. b3 Rfe8 15. Bb2 exd4 16. Rac1 Qd8 17. Bb1 Rc8 18. Rxc8 Qxc8 19. Qd3 Bf8 20. Qxd4 Qc5 21. h3 Qxd4 22. Bxd4 Nc5 {[%emt 0:06:49] Not much happened in this game.   Weighted Error Value: White=0.04 (flawless) /Black=0.03 (flawless) .  OK:         	White=6     	Black=10} 1/2-1/2

[Event "CIS Master Groups 2024"]
[Site "Vasto"]
[Date "2024.04.09"]
[Round "3.14"]
[White "Loiacono, Leonardo"]
[Black "David, Alberto"]
[Result "1/2-1/2"]
[ECO "B44"]
[WhiteElo "2309"]
[BlackElo "2512"]
[Annotator "TA"]
[PlyCount "89"]
[EventDate "2024.04.07"]
[EventType "team-tourn"]
[EventCountry "ITA"]
[SourceTitle "playchess.com"]
[Source "ChessBase"]
[SourceQuality "1"]
[TimeControl "40/5400+30:900+30"]

1. e4 c5 2. Nf3 e6 3. d4 cxd4 4. Nxd4 Nc6 5. Nb5 d6 6. c4 a6 7. N5c3 Nf6 8. Be2 b6 9. O-O Bb7 10. Be3 {[%emt 0:00:45] White is slightly better.} Ne5 11. f4 Ned7 12. Bf3 Be7 13. Nd2 O-O 14. Qe2 Qb8 15. a4 h6 16. Rfc1 a5 17. Nb3 Nc5 18. Nxc5 bxc5 19. Qc2 Ra6 20. Re1 Bc6 21. Rad1 Qb7 22. Bf2 Rd8 23. Nb5 Rd7 24. Bg3 {[%emt 0:06:44] White is more active.} (24. b3 $14) 24... Rd8 (24... d5 $1 $11) 25. Rd2 Rd7 26. e5 dxe5 27. Rxd7 Nxd7 28. Bxc6 Qxc6 29. fxe5 Ra8 30. Rd1 Rd8 31. Qc3 Nf8 32. Rxd8 Bxd8 33. Qd3 {[%emt 0:00:44] Dodges Qe4} Be7 34. Be1 Ng6 35. Qe2 Bd8 36. g3 Bc7 37. Bc3 Bb8 38. h4 Ne7 39. Qd3 {[%emt 0:01:10] Qd8+ is the strong threat.} Nf5 40. h5 ({But not} 40. Bxa5 Bxe5 41. Be1 Bxb2 $17) (40. g4 $5 Nd4 $8 41. Nxd4 cxd4 42. Qxd4 $11) 40... Bc7 {[%emt 0:00:33] [#]} (40... Nd4 $11 {remains equal.}) 41. Kf2 $1 $16 Bb6 {[%emt 0:01:11] [#]} 42. Qf3 $1 Qxf3+ (42... Qe8 $14) 43. Kxf3 {[%emt 0:00:00] White is clearly better.} Ne7 44. Nd6 Nc6 45. Ne4 {[%emt 0:00:00] Weighted Error Value: White=0.10 (very precise) /Black=0.16 (very precise) .  Mistake:       	White=2     	Black=3      Inaccurate:     	White=4     	Black=3      OK:         	White=12    	Black=13     Best:        	White=2     	Black=1      Strong:       	White=2     	---} (45. Nb7 $142) 1/2-1/2

[Event "CIS Master Groups 2024"]
[Site "Vasto"]
[Date "2024.04.09"]
[Round "3.15"]
[White "Collutiis, Duilio"]
[Black "Damia, Angelo"]
[Result "1/2-1/2"]
[ECO "B15"]
[WhiteElo "2334"]
[BlackElo "2234"]
[Annotator "RC"]
[PlyCount "105"]
[EventDate "2024.04.07"]
[EventType "team-tourn"]
[EventCountry "ITA"]
[SourceTitle "playchess.com"]
[Source "ChessBase"]
[SourceQuality "1"]
[TimeControl "40/5400+30:900+30"]

1. e4 g6 2. d4 Bg7 3. Nf3 c6 4. Nc3 d5 5. h3 dxe4 6. Nxe4 Nd7 7. Bd3 Ngf6 8. Nxf6+ Nxf6 9. O-O O-O 10. Re1 Bf5 11. Bc4 Qc7 12. c3 Rad8 13. Qe2 Rfe8 14. Bg5 Nd5 15. Rad1 f6 16. Bc1 Kh8 17. Bb3 Rd6 18. Nh4 Bc8 19. Bc2 Re6 20. Qd3 Rxe1+ 21. Rxe1 f5 22. Nf3 Kg8 23. Bb3 Kf8 24. Ne5 Qd6 25. Qf3 e6 26. Qg3 Qe7 27. Bxd5 cxd5 28. Bf4 Kg8 29. h4 Bxe5 30. Bxe5 Kf7 31. Bf4 h5 32. Bg5 Qd7 33. Qe5 Kg8 34. Qg3 a6 35. Bf4 Kh7 36. Kh2 Qe7 37. Re5 Bd7 38. Bg5 Qf7 39. Qe3 Bc6 40. f3 Bd7 41. Qf4 Kg8 42. Re1 Bc6 43. Qg3 Kh7 44. Bf4 Qf6 45. Bd2 Kg8 46. Bg5 Qf7 47. Qe5 Qg7 48. Qe3 Qc7+ 49. Bf4 Qe7 50. Kh3 Kh7 51. Rg1 Qf7 52. Be5 Rf8 53. g3 1/2-1/2

[Event "CIS Master Groups 2024"]
[Site "Vasto"]
[Date "2024.04.09"]
[Round "3.17"]
[White "Ceres, Dragos"]
[Black "Socko, Bartosz"]
[Result "1/2-1/2"]
[ECO "C47"]
[WhiteElo "2486"]
[BlackElo "2565"]
[Annotator "TA"]
[PlyCount "68"]
[EventDate "2024.04.07"]
[EventType "team-tourn"]
[EventCountry "ITA"]
[SourceTitle "playchess.com"]
[Source "ChessBase"]
[SourceQuality "1"]
[TimeControl "40/5400+30:900+30"]

1. e4 e5 2. Nf3 Nf6 3. Nc3 Nc6 4. h3 d5 5. exd5 Nxd5 6. Bb5 Nxc3 7. bxc3 Bd6 8. O-O O-O 9. d4 exd4 10. cxd4 Ne7 11. Bd3 Bf5 12. Rb1 b6 13. Bg5 Bxd3 14. Qxd3 h6 15. Be3 Qd7 16. Rfd1 Qf5 17. c4 Qxd3 18. Rxd3 {[%emt 0:00:08] [#] Hoping for c5.} Rad8 19. g4 Ng6 20. Rbd1 Rde8 21. c5 {[%emt 0:12:14] The position is equal.} Bf4 22. d5 Bxe3 23. Rxe3 bxc5 24. Rc1 Nf4 {[%emt 0:02:10][%csl LRd5,LRh3] [#] And now ...Rxe3 would win.} 25. Rxc5 Rd8 26. Ne5 Rxd5 27. Rxd5 Nxd5 $11 {[%emt 0:00:09][%mdl 4096] Endgame. KRN-KRN} 28. Ra3 Ra8 29. Nc6 a6 30. Ra5 Nf4 31. h4 Nd3 32. Rd5 Nf4 33. Ra5 Nd3 34. Rd5 Nf4 {[%emt 0:00:47] An even fight not without its subleties.   Weighted Error Value: White=0.03 (flawless) /Black=0.03 (flawless) .  OK:         	White=13    	Black=14} 1/2-1/2

[Event "CIS Master Groups 2024"]
[Site "Vasto"]
[Date "2024.04.09"]
[Round "3.18"]
[White "Rombaldoni, Denis"]
[Black "Lumachi, Gabriele"]
[Result "0-1"]
[ECO "A05"]
[WhiteElo "2484"]
[BlackElo "2413"]
[Annotator "TA"]
[PlyCount "88"]
[EventDate "2024.04.07"]
[EventType "team-tourn"]
[EventCountry "ITA"]
[SourceTitle "playchess.com"]
[Source "ChessBase"]
[SourceQuality "1"]
[TimeControl "40/5400+30:900+30"]

1. Nf3 Nf6 2. g3 b6 3. Bg2 Bb7 4. O-O e6 5. d3 d5 6. Nbd2 Nbd7 7. Re1 Bc5 8. c4 O-O 9. Qc2 Re8 10. b3 {[%emt 0:01:34] The position is equal.} dxc4 11. Nxc4 e5 12. Bb2 e4 13. dxe4 Bxe4 14. Qc3 b5 15. Ncd2 Bb7 16. b4 Bf8 17. e4 {[%emt 0:06:39] Repels Nd5} c5 18. Ng5 Ne5 19. Rad1 (19. bxc5 $11 {remains equal.} Rc8 20. Nb3) 19... cxb4 $17 20. Qb3 {[%emt 0:00:48] [#] Bxe5 is the strong threat.} Nfg4 21. Ndf3 Nxf3+ 22. Nxf3 Qb6 {[%emt 0:01:50] Chess con chili.} 23. Bd4 Bc5 (23... Qe6 {simplifies} 24. Qb2 Rac8 25. h3 Nf6) 24. h3 Bxd4 25. Nxd4 Ne5 26. Qxb4 a6 27. Nf5 Rad8 28. Rxd8 ({White should play} 28. Nd6 $14 Rf8 29. a4) 28... Qxd8 29. Qd6 g6 30. Qxd8 (30. Rd1 $11 Qxd6 31. Nxd6) 30... Rxd8 31. Ne7+ Kf8 32. Nd5 Nc4 33. Rc1 {[%emt 0:01:06] [#]} Bxd5 $1 34. exd5 {[%emt 0:00:04][%mdl 4096] Endgame. KRB-KRN} Ke7 35. a4 Kd6 {[%emt 0:00:21] Black is more active.} 36. axb5 axb5 37. Ra1 Rb8 38. Ra7 (38. Rc1 $142) 38... b4 $19 {[%emt 0:00:13] White must now prevent ...b3.} 39. Rxf7 $2 (39. Bf1 {nothing else works.} Ne5 (39... Kxd5 $2 40. Rxf7 b3 41. Rd7+ Nd6 42. Bd3 $19) 40. f4) 39... Nd2 {[%emt 0:00:49] Threatens to win with ...b3. Black is clearly winning.} 40. Rf6+ Ke5 41. Re6+ Kd4 {[%emt 0:03:24] Hoping for ...b3.} 42. Re2 Kd3 43. Re3+ Kc2 44. Re2 Kd1 {[%emt 0:01:11] Weighted Error Value: White=0.43/Black=0.13 (very precise) .  Mistake:       	White=5     	---        Inaccurate:     	White=5     	Black=3      OK:         	White=11    	Black=17     Best:        	White=2     	Black=1      Strong:       	---       	Black=1} 0-1

[Event "CIS Master Groups 2024"]
[Site "Vasto"]
[Date "2024.04.09"]
[Round "3.19"]
[White "Bettalli, Francesco"]
[Black "Garcia Palermo, Carlos Horacio"]
[Result "1/2-1/2"]
[ECO "B13"]
[WhiteElo "2309"]
[BlackElo "2407"]
[Annotator "TA"]
[PlyCount "103"]
[EventDate "2024.04.07"]
[EventType "team-tourn"]
[EventCountry "ITA"]
[SourceTitle "playchess.com"]
[Source "ChessBase"]
[SourceQuality "1"]
[TimeControl "40/5400+30:900+30"]

1. e4 c6 2. d4 d5 3. exd5 cxd5 4. Bd3 Nc6 5. c3 Nf6 6. Bf4 Bg4 7. Qb3 Qd7 8. Nd2 e6 9. Ngf3 Bd6 10. Bxd6 Qxd6 11. O-O O-O 12. Rae1 Bf5 13. Ne5 {[%emt 0:10:10] Black should prevent Bxf5. White is slightly better.} Bxd3 14. Nxd3 Rab8 15. Qd1 a5 16. Re3 b5 17. a3 b4 18. axb4 axb4 19. g4 bxc3 20. bxc3 Nd7 21. f4 Rbc8 22. Nb3 Qa3 23. Rg3 Na5 24. Nbc5 Nxc5 25. Nxc5 Nc4 26. Qd3 Rfe8 27. Rh3 g6 28. f5 Ne5 (28... exf5 $11 {and Black has nothing to worry.} 29. gxf5 Qa7) 29. Qg3 (29. Qd2 $1 $18 {[%cal Rd2h6] Qh6 would kill now.} exf5 (29... Nxg4 $2 {too greedy.} 30. fxg6 fxg6 31. Qf4 $18) 30. Qh6 Nxg4 31. Qxh7+ Kf8 32. Rg3 (32. Qh8+ Ke7 $18)) 29... exf5 $16 30. gxf5 {[%emt 0:01:30][%cal Og3g5] Hoping for Qg5!} Rxc5 31. dxc5 Qxc5+ 32. Kh1 (32. Kg2 $1 $16) 32... Qb5 {[%emt 0:07:58] [#]} (32... Qc4 $14 33. Kg1 Qg4) 33. Qg2 ({White should play} 33. Qf4 $1 $16 {And now fxg6 would win.} Qc4 34. Re3 Qxf4 35. Rxf4) 33... Ng4 $11 {[%emt 0:01:45] Strongly threatening ...Ne3.} 34. fxg6 hxg6 {[%emt 0:00:13] ...Ne3 is the strong threat.} 35. Qf3 {[%emt 0:00:37] Really sharp!} f5 36. Qd3 Qc4 (36... Qc5 {keeps more tension.} 37. Qa6 Kg7 38. Qb7+ Qe7) 37. Qxc4 dxc4 {[%emt 0:00:06][%mdl 4096] Endgame. KRR-KRN} 38. Rg3 Re2 39. Kg1 {[%emt 0:00:39] Threatens to win with h3.} Kh7 40. Rf4 Ne5 41. h3 Kh6 42. Kf1 Ra2 43. Re3 Ra5 44. Kg2 Kg5 45. Kg3 Kf6 46. h4 g5 47. hxg5+ Kxg5 48. Rd4 Rc5 49. Re2 Ng4 (49... Ra5 $14) 50. Kf3 {[%emt 0:05:37] White is more active.} (50. Rd8 $16) 50... Ne5+ $14 51. Kg3 ({White should try} 51. Ke3 $14) 51... Ng4 $1 $16 {[%emt 0:00:08] [#]} 52. Kf3 {[%emt 0:01:19] Weighted Error Value: White=0.17 (very precise) /Black=0.15 (very precise) .  Loses game:     	---       	Black=1      Mistake:       	White=6     	Black=2      Inaccurate:     	White=4     	Black=5      OK:         	White=14    	Black=16     Best:        	---       	Black=2      Strong:       	---       	Black=1} (52. Rd8 $1 $16 ) 1/2-1/2

[Event "CIS Master Groups 2024"]
[Site "Vasto"]
[Date "2024.04.09"]
[Round "3.20"]
[White "D'Amore, Carlo"]
[Black "Pescatore, Lorenzo"]
[Result "1/2-1/2"]
[ECO "A47"]
[WhiteElo "2376"]
[BlackElo "2358"]
[Annotator "RC"]
[PlyCount "26"]
[EventDate "2024.04.07"]
[EventType "team-tourn"]
[EventCountry "ITA"]
[SourceTitle "playchess.com"]
[Source "ChessBase"]
[SourceQuality "1"]
[TimeControl "40/5400+30:900+30"]

1. Nf3 c5 2. c3 Nf6 3. d4 e6 4. Bg5 b6 5. e3 Bb7 6. Nbd2 Be7 7. Bxf6 Bxf6 8. Bd3 Nc6 9. Qe2 Qc7 10. h4 d5 11. Ba6 Qc8 12. Bxb7 Qxb7 13. O-O O-O 1/2-1/2

[Event "CIS Master Groups 2024"]
[Site "Vasto"]
[Date "2024.04.09"]
[Round "3.21"]
[White "Favaloro, Andrea"]
[Black "Eljanov, Pavel"]
[Result "1/2-1/2"]
[ECO "A05"]
[WhiteElo "2412"]
[BlackElo "2706"]
[Annotator "TA"]
[PlyCount "61"]
[EventDate "2024.04.07"]
[EventType "team-tourn"]
[EventCountry "ITA"]
[SourceTitle "playchess.com"]
[Source "ChessBase"]
[SourceQuality "1"]
[TimeControl "40/5400+30:900+30"]

1. Nf3 Nf6 2. g3 b5 3. Bg2 Bb7 4. O-O e6 5. b3 b4 6. c4 bxc3 7. Nxc3 c5 8. Bb2 {[%emt 0:01:08][%cal Oe2e4] White has an edge.} Be7 9. Rc1 O-O 10. Na4 Na6 11. d4 cxd4 12. Qxd4 Qb8 13. Rfd1 Rd8 14. Qf4 d6 (14... Qxf4 $11 {feels stronger.} 15. gxf4 Bc6) 15. h4 e5 16. Qd2 Nc7 17. Qa5 Ne6 18. Ng5 Bxg2 19. Nxe6 fxe6 20. Kxg2 Rf8 21. Qc7 (21. Qa6 $11) 21... Qe8 $15 {[%emt 0:00:14][%cal Oe8g6] Strongly threatening ...Qg6!} 22. Rxd6 (22. Qc4 $1 $15 d5 23. Qa6) 22... Bxd6 $17 23. Qxd6 Rd8 (23... Ne4 $17 24. Qxe5 Rxf2+ 25. Kg1 Nf6 (25... Rxe2 26. Qxg7#) (25... Qg6 26. Nc3 $11)) 24. Qxe5 $11 Rd5 25. Qc7 Rd7 (25... Rd2 $11) 26. Qc4 $36 {[%emt 0:01:52][%mdl 2048] Black is under pressure.} Qa8+ 27. Kg1 (27. f3 $14 {was preferrable.}) 27... Ne4 (27... Qe4 $11 {keeps the balance.}) 28. Qxe6+ $16 Rdf7 {[%emt 0:00:04] [#]} 29. Bd4 {[%emt 0:01:47] Hoping for Rc7.} Kh8 (29... Re8 $142 30. Qc4 a5) 30. Qc6 Kg8 {[%emt 0:03:27] [#]} (30... Qxc6 31. Rxc6 Rd7 32. Be3) 31. Ra1 $2 {[%emt 0:11:35][%mdl 40960] Weighted Error Value: White=0.22 (precise) /Black=0.21 (precise) .  Loses game:     	White=1     	---        Mistake:       	White=3     	Black=5      Inaccurate:     	White=2     	Black=1      OK:         	White=7     	Black=11     Best:        	White=1     	Black=2     . An unexpected result.} 1/2-1/2

[Event "CIS Master Groups 2024"]
[Site "Vasto"]
[Date "2024.04.09"]
[Round "3.22"]
[White "Sonis, Francesco"]
[Black "Iturrizaga Bonelli, Eduardo"]
[Result "1/2-1/2"]
[ECO "A13"]
[WhiteElo "2562"]
[BlackElo "2589"]
[Annotator "TA"]
[PlyCount "36"]
[EventDate "2024.04.07"]
[EventType "team-tourn"]
[EventCountry "ITA"]
[SourceTitle "playchess.com"]
[Source "ChessBase"]
[SourceQuality "1"]
[TimeControl "40/5400+30:900+30"]

1. Nf3 d5 2. e3 Nf6 3. c4 e6 4. b3 g6 5. Bb2 Bg7 6. Be2 O-O 7. d4 b6 8. O-O Bb7 9. Nc3 Nbd7 10. Rc1 Qe7 11. cxd5 exd5 12. Rc2 c6 13. Qc1 Rfe8 14. a4 a5 15. Ba3 Qe6 16. h3 h5 17. Bd3 Bh6 {[%emt 0:00:25] Against Ng5} 18. Re2 Ne4 {[%emt 0:04:59] An uneventful encounter.   Weighted Error Value: White=0.06 (flawless) /Black=0.04 (flawless) .  OK:         	White=4     	Black=4} 1/2-1/2

[Event "CIS Master Groups 2024"]
[Site "Vasto"]
[Date "2024.04.09"]
[Round "3.23"]
[White "Bifulco, Michel"]
[Black "Di Paolo, Raffaele"]
[Result "0-1"]
[ECO "C14"]
[WhiteElo "2303"]
[BlackElo "2290"]
[Annotator "RC"]
[PlyCount "60"]
[EventDate "2024.04.07"]
[EventType "team-tourn"]
[EventCountry "ITA"]
[SourceTitle "playchess.com"]
[Source "ChessBase"]
[SourceQuality "1"]
[TimeControl "40/5400+30:900+30"]

1. e4 e6 2. d4 d5 3. Nc3 Nf6 4. Bg5 Be7 5. e5 Nfd7 6. h4 Nc6 7. Qd2 Nb6 8. Nf3 Bd7 9. a4 a5 10. b3 f6 11. Bf4 Bb4 12. O-O-O O-O 13. exf6 Qxf6 14. Bg5 Qf7 15. Bb5 Na7 16. Bxd7 Nxd7 17. Qd3 c5 18. Nb5 c4 19. bxc4 dxc4 20. Qxc4 Rac8 21. Qd3 Nxb5 22. Qxb5 Rc6 23. Be3 Rfc8 24. Qd3 Rc3 25. Qe4 Nf6 26. Qe5 Rxc2+ 27. Kb1 Qg6 28. Qxe6+ Kh8 29. Ka1 Bc3+ 30. Kb1 Rb2+ 0-1

[Event "CIS Master Groups 2024"]
[Site "Vasto"]
[Date "2024.04.10"]
[Round "4.1"]
[White "Predke, Alexandr"]
[Black "Fier, Alexandr"]
[Result "0-1"]
[ECO "E21"]
[WhiteElo "2673"]
[BlackElo "2566"]
[Annotator "TA"]
[PlyCount "106"]
[EventDate "2024.04.07"]
[EventType "team-tourn"]
[EventCountry "ITA"]
[SourceTitle "playchess.com"]
[Source "ChessBase"]
[SourceQuality "1"]
[TimeControl "40/5400+30:900+30"]

1. d4 Nf6 2. c4 e6 3. Nc3 Bb4 4. Nf3 O-O 5. Bg5 c5 6. e3 h6 7. Bh4 cxd4 8. exd4 d5 9. Be2 dxc4 10. O-O {[%emt 0:00:06] The position is equal.} b6 11. Ne5 Bb7 12. Bf3 Bxf3 13. Qxf3 Bxc3 $1 14. Qxa8 (14. Bxf6 $5 Qxf6 15. Qxa8 Bxb2 16. Rad1 $11) 14... Bxb2 15. Rae1 (15. Rab1 $1 $11 {and White has nothing to worry.}) 15... Qxd4 $19 16. Bxf6 gxf6 17. Nf3 Qc5 {[%emt 0:03:30] Hoping for ...Nc6.} 18. Qe4 f5 $1 19. Qf4 Bg7 20. g4 Nc6 21. g5 (21. gxf5 $142 Qxf5 (21... exf5 22. Kh1 $17) 22. Qxf5 exf5 23. Rc1) 21... Nd4 22. gxh6 Nxf3+ 23. Qxf3 Bxh6 24. Qh5 Kh7 {[%emt 0:00:06] White must now prevent ...Rg8+.} 25. Re3 $2 (25. Kh1 c3 26. Rc1) 25... Qd4 $2 (25... c3 $19 26. Rc1 c2) 26. Rd1 $17 Qf6 (26... Qg4+ $142 27. Qxg4 fxg4) 27. Rd7 a6 (27... Qg6+ $17 28. Qxg6+ Kxg6) 28. Rg3 $11 b5 29. Qf3 (29. Rc7 $11 {keeps the balance.}) 29... Rd8 (29... b4 $17 {Threatens to win with ...c3.} 30. Kh1 c3) 30. Rc7 ({White should play} 30. Ra7 $15) 30... f4 (30... Bg7 $17 31. Kg2 Rb8) 31. Rg4 Rg8 (31... Qf5 $15 32. h3 Rf8) 32. h3 (32. Qe4+ $11 Kh8 33. Rxg8+ Kxg8 34. Rc8+ Bf8 35. Kf1) 32... Rg6 ({Black should try} 32... Rxg4+ $15 33. Qxg4 Bf8 34. Qh5+ Kg7) 33. Kg2 Bf8 34. Rc6 (34. Qe4 $5) 34... Qd4 35. Rxg6 $1 Kxg6 36. Rxa6 {[%emt 0:00:29][%mdl 4096] Endgame. KQR-KQB} Kf6 {[%emt 0:02:53] ...c3 is the strong threat.} 37. Qg4 $2 {[%emt 0:01:30][%mdl 8192] Black continues to play with concentration.} (37. Ra5 $11) 37... Bc5 $1 $19 38. Qh4+ Ke5 {[%emt 0:04:22][%cal Of4f3] aiming for ...f3+!} 39. Qh8+ (39. Qh5+ $142 f5 40. Qh8+ Ke4 41. Qa8+ Qd5 (41... Kd3 42. Qf3+ Kc2 43. Rxe6 $11) 42. Rxe6+ Kd4+ 43. Qxd5+ Kxd5 44. Re1) 39... f6 $2 (39... Ke4 40. Qxd4+ (40. Qh7+ $2 Kd5 $19) 40... Kxd4) 40. Qh5+ f5 41. Qh8+ Ke4 42. Qa8+ Qd5 $1 ({Stronger than} 42... Kd3 43. Qf3+ Kd2 44. Rxe6 $11) 43. Rxe6+ Kd4+ 44. Qxd5+ Kxd5 {[%emt 0:00:02] KR-KB} 45. Re2 (45. Re1 $17) 45... c3 46. Kf1 Kc4 {[%emt 0:00:04] ( -> ...f3)} 47. Ke1 {[%emt 0:00:03] [#]} Kd3 $1 {[%emt 0:00:22] Black mates.} 48. Kd1 f3 49. Rc2 {[%emt 0:00:02] [#]} Be7 $1 50. Kc1 Bg5+ 51. Kd1 b4 52. Rc1 Bxc1 53. Kxc1 Ke2 {[%emt 0:00:03] Weighted Error Value: White=0.73/Black=0.52.  Loses game:     	White=3     	---        Missed win:     	---       	Black=2      Mistake:       	White=6     	Black=7      Inaccurate:     	White=2     	---        OK:         	White=11    	Black=9      Best:        	White=7     	Black=5      Strong:       	White=1     	Black=3} 0-1

[Event "CIS Master Groups 2024"]
[Site "Vasto"]
[Date "2024.04.10"]
[Round "4.2"]
[White "Iermito, Sebastian"]
[Black "Brunello, Sabino"]
[Result "1/2-1/2"]
[ECO "D78"]
[WhiteElo "2511"]
[BlackElo "2515"]
[Annotator "TA"]
[PlyCount "27"]
[EventDate "2024.04.07"]
[EventType "team-tourn"]
[EventCountry "ITA"]
[SourceTitle "playchess.com"]
[Source "ChessBase"]
[SourceQuality "1"]
[TimeControl "40/5400+30:900+30"]

1. Nf3 d5 2. g3 g6 3. c4 c6 4. Bg2 Bg7 5. O-O Nf6 6. b3 Ne4 7. d4 O-O 8. Bb2 a5 9. Nc3 Bf5 10. Nh4 Nxc3 11. Bxc3 Be6 12. f4 Na6 13. Qd2 Nc7 14. f5 {[%emt 0:13:39] A rather calm draw.   Weighted Error Value: White=0.17 (very precise) /Black=0.09 (flawless) .  Inaccurate:     	---       	Black=1      OK:         	---       	Black=2      Best:        	---       	Black=1} ({Much worse is} 14. Bxa5 Rxa5 (14... dxc4 15. e3 $15) 15. Qxa5 Bxd4+ 16. Kh1 Bxa1 (16... dxc4 17. Rad1 $14) 17. Rxa1 dxc4 $17) 1/2-1/2

[Event "CIS Master Groups 2024"]
[Site "Vasto"]
[Date "2024.04.10"]
[Round "4.3"]
[White "Dvirnyy, Danyyil"]
[Black "Godena, Michele"]
[Result "1/2-1/2"]
[ECO "C64"]
[WhiteElo "2480"]
[BlackElo "2429"]
[Annotator "TA"]
[PlyCount "23"]
[EventDate "2024.04.07"]
[EventType "team-tourn"]
[EventCountry "ITA"]
[SourceTitle "playchess.com"]
[Source "ChessBase"]
[SourceQuality "1"]
[TimeControl "40/5400+30:900+30"]

1. e4 e5 2. Nf3 Nc6 3. Bb5 a6 4. Ba4 Bc5 5. c3 Nge7 6. O-O Ba7 7. d4 Ng6 8. Bg5 f6 9. Be3 O-O 10. Nbd2 d6 11. Re1 Kh8 12. h3 {[%emt 0:09:54] Weighted Error Value: White=0.02 (flawless) /Black=0.02 (flawless) .  OK:         	White=4     	Black=3      Best:        	---       	Black=1} 1/2-1/2

[Event "CIS Master Groups 2024"]
[Site "Vasto"]
[Date "2024.04.10"]
[Round "4.4"]
[White "Bellia, Fabrizio"]
[Black "Gilevych, Artem"]
[Result "1/2-1/2"]
[ECO "C43"]
[WhiteElo "2384"]
[BlackElo "2417"]
[Annotator "TA"]
[PlyCount "80"]
[EventDate "2024.04.07"]
[EventType "team-tourn"]
[EventCountry "ITA"]
[SourceTitle "playchess.com"]
[Source "ChessBase"]
[SourceQuality "1"]
[TimeControl "40/5400+30:900+30"]

1. e4 e5 2. Nf3 Nf6 3. d4 Nxe4 4. dxe5 d5 5. Nbd2 Nxd2 6. Bxd2 Nc6 7. Bb5 Be7 {[%emt 0:05:38] Prevents Bg5.} 8. O-O {[%emt 0:01:20] White is slightly better.} ({Don't play} 8. Bxc6+ bxc6 9. O-O O-O $15) 8... O-O 9. Re1 Bg4 10. c3 {[%emt 0:01:12] Prevents Nd4.} a6 11. Be2 Qd7 12. Qc2 Rae8 13. Rad1 f6 14. exf6 Bxf6 15. Be3 Ne7 16. Qd2 Qc8 17. Bc5 b6 18. Bxe7 Rxe7 19. Qxd5+ Kh8 20. h3 Be6 21. Qd3 b5 22. Qc2 c5 23. Bf1 Rfe8 24. a3 g6 25. Qd2 Kg7 26. Qf4 h6 27. Rd6 g5 28. Qd2 {[%emt 0:00:17][%cal Oa3a4] White has more active pieces.} Bf7 29. Rxe7 (29. a4 {is interesting.} bxa4 30. Rxe7 Rxe7 31. Qc2) 29... Bxe7 30. Rd7 Rd8 31. Rxd8 Qxd8 32. Qe3 Qd6 33. Bd3 Bd5 34. Be4 {[%emt 0:01:21] [#] Hoping for Bxd5.} Bf7 35. Bc2 Qe6 36. Qd3 {[%emt 0:01:27] Threatens to win with Qh7+.} Kf8 37. Qh7 (37. Nh2 $16) 37... Bg8 $14 38. Qd3 (38. Qh8 $14 Qf6 39. Qxf6+ Bxf6 40. Nd2) 38... Bf7 $16 39. Qh7 ({White should play} 39. Nh2 $16) 39... Bg8 $14 40. Qd3 (40. Qh8 $14 Qf6 41. Qxf6+ Bxf6 42. Nd2) 40... Bf7 {[%emt 0:00:09] Weighted Error Value: White=0.11 (very precise) /Black=0.09 (flawless) .  Mistake:       	White=4     	---        Inaccurate:     	White=1     	Black=6      OK:         	White=14    	Black=12     Best:        	---       	Black=5} 1/2-1/2